[Event "Early-Titled-Tuesday-Blitz-October-03-2023"]
[Site "Chess.com"]
[Date "2023.10.03"]
[Round "6"]
[White "Cambek64"]
[Black "Goi_Manne"]
[Result "1/2-1/2"]
[WhiteElo "2461"]
[BlackElo "2294"]
[TimeControl "180+1"]
[EndTime "9:03:25 PDT"]
[Termination "Game drawn by repetition"]

1. e4 c6 2. d4 d5 3. Nc3 dxe4 4. Nxe4 Nf6 5. Nxf6+ exf6 6. c3 Bd6 7. Bd3 O-O 8. Qc2 Re8+ 9. Ne2 h6 10. Bd2 Nd7 11. O-O-O a5 12. Kb1 a4 13. a3 c5 14. h4 Nf8 15. f3 Bd7 16. g4 b5 17. Be4 Rb8 18.
dxc5 Bxc5 19. Bf4 Qe7 20. Nd4 Bxd4 21. Rxd4 Rbc8 22. Bd6 Qe6 23. Bxf8 Kxf8 24. Bf5 Qe3 25. Bxd7 Qxf3 26. Rhd1 Re2 27. Qh7 Rxb2+ 28. Kxb2 Qxc3+ 29. Kb1 Qb3+ 30. Ka1 Qxa3+ 31. Kb1 Qb3+ 32. Ka1 Qa3+ 33. Kb1 Qb3+ 34. Ka1 Qa3+ 1/2-1/2

[Event "Early-Titled-Tuesday-Blitz-October-03-2023"]
[Site "Chess.com"]
[Date "2023.10.03"]
[Round "6"]
[White "maurovargas01"]
[Black "kidagent"]
[Result "0-1"]
[WhiteElo "1902"]
[BlackElo "2264"]
[TimeControl "180+1"]
[EndTime "9:03:35 PDT"]
[Termination "kidagent won on time"]

1. e4 c6 2. d3 d5 3. Nd2 e5 4. g3 Nf6 5. Bg2 Be6 6. Ne2 Nbd7 7. O-O Bc5 8. a4 O-O 9. Nb3 Bb6 10. Kh1 a6 11. f4 exf4 0-1

[Event "Early-Titled-Tuesday-Blitz-October-03-2023"]
[Site "Chess.com"]
[Date "2023.10.03"]
[Round "6"]
[White "blitzking1729"]
[Black "Darko-Dimitrijevic"]
[Result "1-0"]
[WhiteElo "2722"]
[BlackElo "2255"]
[TimeControl "180+1"]
[EndTime "9:03:47 PDT"]
[Termination "blitzking1729 won by resignation"]

1. c4 g6 2. Nc3 Bg7 3. g3 c5 4. Bg2 Nc6 5. Nf3 d6 6. d3 Nf6 7. O-O O-O 8. Rb1 a6 9. b3 Rb8 10. Bb2 b5 11. cxb5 axb5 12. d4 Qb6 13.
dxc5 dxc5 14. Nd5 Nxd5 15. Bxg7 Ne3 16. fxe3 Kxg7 17. Qc2 Nb4 18. Qc3+ Kg8 19. a3 Na6 20. Ne5 Bb7 21. Nd7 Qe6 22. Nxf8 1-0

[Event "Early-Titled-Tuesday-Blitz-October-03-2023"]
[Site "Chess.com"]
[Date "2023.10.03"]
[Round "6"]
[White "brm72"]
[Black "Jojo_898"]
[Result "1-0"]
[WhiteElo "2506"]
[BlackElo "2373"]
[TimeControl "180+1"]
[EndTime "9:03:47 PDT"]
[Termination "brm72 won by checkmate"]

1. e4 d6 2. d4 Nf6 3. Nc3 g6 4. f3 c6 5. Be3 b5 6. Qd2 h5 7.
a4 b4 8. Na2 a5 9. c3 bxc3 10.
Nxc3 Bg7 11. Bc4 O-O 12. Nge2 Ba6 13. b3 Nbd7 14. O-O e5 15. Bxa6 Rxa6 16. Bh6 Bxh6 17.
Qxh6 exd4 18. Nxd4 Qb6 19. Rad1 Nc5 20. Kh1 Nxb3 21.
Nf5 Ne8 22. Ne7# 1-0

[Event "Early-Titled-Tuesday-Blitz-October-03-2023"]
[Site "Chess.com"]
[Date "2023.10.03"]
[Round "6"]
[White "sergoy"]
[Black "ODreamchess"]
[Result "1-0"]
[WhiteElo "3024"]
[BlackElo "2767"]
[TimeControl "180+1"]
[EndTime "9:03:59 PDT"]
[Termination "sergoy won by checkmate"]

1. d4 Nf6 2. c4 g6 3. Nc3 Bg7 4. e4 O-O 5. Nf3 c5 6. d5 d6 7. h3 Na6 8. Bd3 Nc7 9. O-O a6 10. a4 Rb8 11. Qe2 Bd7 12. e5 Nfe8 13. Bf4 f6 14. e6 Bc8 15. h4 f5 16. h5 Nf6 17.
hxg6 hxg6 18. g3 Nh5 19. Bg5 Bf6 20. Bxf6 Nxf6 21. a5 Kg7 22. Kg2 b5 23. axb6 Rxb6 24. Rh1 Bb7 25. Qd2 Rh8 26. Rxh8 Qxh8 27. Rh1 Nh5 28.
Bxf5 Qh6 29. Qxh6+ Kxh6 30. g4 gxf5 31. Rxh5+ Kg6 32.
Nh4+ Kg7 33. Nxf5+ Kf6 34. Rh6+ Ke5 35. Kg3 Rxb2 36. f4# 1-0

[Event "Early-Titled-Tuesday-Blitz-October-03-2023"]
[Site "Chess.com"]
[Date "2023.10.03"]
[Round "6"]
[White "MightyGMpretender"]
[Black "AbdulovOrkhan"]
[Result "1-0"]
[WhiteElo "2817"]
[BlackElo "2562"]
[TimeControl "180+1"]
[EndTime "9:04:03 PDT"]
[Termination "MightyGMpretender won by resignation"]

1. e4 c5 2. Nf3 Nc6 3. Bb5 g6 4. O-O Bg7 5. c3 Nf6 6. Re1 O-O 7. d4 d5 8. e5 Ne4 9. Be3 Qb6 10. Bxc6 bxc6 11.
Qc2 c4 12. Nbd2 Bf5 13. Nh4 Be6 14. Nxe4 dxe4 15. d5 Qc7 16. dxe6 Qxe5 17. exf7+ Rxf7 18. Bd4 Qg5 19. Bxg7 Kxg7 20. Rxe4 Raf8 21. Rf1 Rd8 22. g3 Rd2 23. Qc1 h6 24. Ree1 Qc5 25. Qxd2 1-0

[Event "Early-Titled-Tuesday-Blitz-October-03-2023"]
[Site "Chess.com"]
[Date "2023.10.03"]
[Round "6"]
[White "Guzman70"]
[Black "JAN2404"]
[Result "1-0"]
[WhiteElo "2305"]
[BlackElo "2067"]
[TimeControl "180+1"]
[EndTime "9:04:05 PDT"]
[Termination "Guzman70 won by resignation"]

1. Nf3 c5 2. e4 d6 3. c3 Nf6 4.
h3 Nc6 5. Qc2 e6 6. Bb5 Bd7 7.
O-O Be7 8. Re1 O-O 9. a4 a6 10. Bf1 Rc8 11. Na3 h6 12. d3 Re8 13. Bf4 Bf8 14. Nc4 d5 15. Nd6 Bxd6 16. Bxd6 d4 17. Bxc5 dxc3 18. bxc3 Qa5 19. d4 b6 20. Bd6 Red8 21.
Qd3 Be8 22. Nd2 Rxd6 23. Nc4 Nb4 24. cxb4 1-0

[Event "Early-Titled-Tuesday-Blitz-October-03-2023"]
[Site "Chess.com"]
[Date "2023.10.03"]
[Round "6"]
[White "Casper"]
[Black "Ermito2020"]
[Result "0-1"]
[WhiteElo "2417"]
[BlackElo "2616"]
[TimeControl "180+1"]
[EndTime "9:04:06 PDT"]
[Termination "Ermito2020 won by resignation"]

1. e4 e6 2. d4 d5 3. Bd3 dxe4 4. Bxe4 Nf6 5. Bd3 c5 6. Nf3 Nc6 7. dxc5 Bxc5 8. O-O O-O 9. Nc3 Nb4 10. Bg5 Nxd3 11. cxd3 Be7 12. d4 b6 13. Ne5 Bb7 14. Qd3 Rc8 15.
Rad1 Nd5 16. Bxe7 Qxe7 17. Rfe1 Nf4 18. Qg3 Nxg2 19. Re4 Rxc3 20. bxc3 Bxe4 21. f3 Ne3 22. Re1 Nf5 0-1

[Event "Early-Titled-Tuesday-Blitz-October-03-2023"]
[Site "Chess.com"]
[Date "2023.10.03"]
[Round "6"]
[White "ferrufino64"]
[Black "Tsyhanchuk_Stanislav"]
[Result "0-1"]
[WhiteElo "2211"]
[BlackElo "2442"]
[TimeControl "180+1"]
[EndTime "9:04:15 PDT"]
[Termination "Tsyhanchuk_Stanislav won by resignation"]

1. e4 c5 2. Nf3 d6 3. d4 cxd4 4. Nxd4 Nf6 5. Nc3 a6 6. Be3 e5 7. Nb3 Be6 8. f3 Nbd7 9. Qd2 b5 10. O-O-O Be7 11. g4 Nb6 12. Bxb6 Qxb6 13. h4 Nd7 14. Nd5 Bxd5 15. Qxd5 O-O 16. Kb1 Qc7 17. h5 h6 18. Nc1 Rfc8 19. Rh2 Nb6 20. Qd2 Na4 21. Nd3 Bg5 22. Qe1 b4 23. Nxb4 Rab8 24. b3 Nc3+ 25. Kb2 Rxb4 0-1

[Event "Early-Titled-Tuesday-Blitz-October-03-2023"]
[Site "Chess.com"]
[Date "2023.10.03"]
[Round "6"]
[White "MatthewG-p4p"]
[Black "jk13"]
[Result "1-0"]
[WhiteElo "2838"]
[BlackElo "2632"]
[TimeControl "180+1"]
[EndTime "9:04:17 PDT"]
[Termination "MatthewG-p4p won by resignation"]

1. f4 d5 2. Nf3 c6 3. g3 Bg4 4. Bg2 Nd7 5. O-O Qc7 6. d3 Bxf3 7. Bxf3 e5 8. Nc3 Ngf6 9. e4 dxe4 10. Nxe4 Nxe4 11.
Bxe4 Bc5+ 12. Kh1 O-O-O 13. c3 g6 14. fxe5 Nxe5 15. d4 f5 16. Bg2 Ng4 17. Qf3 Bd6 18. Bg5 Rde8 19. Rae1 h6 20. Bd2 h5 21. Rxe8+ Rxe8 22. c4 Qe7 23. c5 Bc7 24. d5 Qxc5 25. dxc6 b6 26. Qd3 Rd8 27. Qa6+ 1-0

[Event "Early-Titled-Tuesday-Blitz-October-03-2023"]
[Site "Chess.com"]
[Date "2023.10.03"]
[Round "6"]
[White "bocah_sakit"]
[Black "rasmussvane"]
[Result "0-1"]
[WhiteElo "2726"]
[BlackElo "2957"]
[TimeControl "180+1"]
[EndTime "9:04:20 PDT"]
[Termination "rasmussvane won by resignation"]

1. e4 c6 2. d4 d5 3. e5 Bf5 4. h4 h5 5. c4 e6 6. Nc3 dxc4 7. Bxc4 Nd7 8. Nge2 Be7 9. Ng3 Bg4 10. Be2 Bxe2 11.
Qxe2 g6 12. Nge4 Nh6 13. Bg5 Nf5 14. O-O-O Qb6 15. Nd6+ Nxd6 16. exd6 Bxd6 17. d5 cxd5 18. Nxd5 Qc6+ 19. Kb1 O-O 20. Ne7+ Bxe7 21. Bxe7 Rfe8 22.
Rd6 Qxg2 23. Rhd1 Rxe7 24. Rxd7 Rxd7 25. Rxd7 Qh1+ 26. Kc2 Qc6+ 0-1

[Event "Early-Titled-Tuesday-Blitz-October-03-2023"]
[Site "Chess.com"]
[Date "2023.10.03"]
[Round "6"]
[White "artin10862"]
[Black "lefonghua"]
[Result "0-1"]
[WhiteElo "2814"]
[BlackElo "2601"]
[TimeControl "180+1"]
[EndTime "9:04:24 PDT"]
[Termination "lefonghua won by resignation"]

1. e4 c5 2. Nf3 g6 3. c3 Nc6 4. d4 d5 5. e5 cxd4 6. cxd4 Bg4 7.
Bb5 Qb6 8. Nc3 e6 9. O-O Ne7 10. Bg5 Bg7 11. Bxe7 Kxe7 12. Bxc6 Qxc6 13. h3 Bxf3 14. Qxf3 Rhc8 15. Rad1 Kf8 16. h4 h5 17. g4 hxg4 18. Qxg4 b5 19. Rc1 Bh6 20. f4 Qb6 21.
Ne2 Ke7 22. h5 Rg8 23. Qh4+ g5 24. Qg4 gxf4 0-1

[Event "Early-Titled-Tuesday-Blitz-October-03-2023"]
[Site "Chess.com"]
[Date "2023.10.03"]
[Round "6"]
[White "WindWhistler11"]
[Black "LeoWin2012"]
[Result "0-1"]
[WhiteElo "2450"]
[BlackElo "2320"]
[TimeControl "180+1"]
[EndTime "9:04:26 PDT"]
[Termination "LeoWin2012 won by resignation"]

1. Nf3 Nf6 2. g3 g6 3. Bg2 Bg7 4. d4 O-O 5. b3 d5 6. Bb2 b6 7.
O-O Bb7 8. c4 c5 9. dxc5 dxc4 10. cxb6 cxb3 11. bxa7 Qxd1 12. Rxd1 bxa2 13. Rxa2 Nc6 14.
Ne5 Rfc8 15. Nd7 Rc7 16. Nb6 Rxa7 17. Rxa7 Nxa7 18. Rd8+ Bf8 19. Bxf6 exf6 20. Nd7 Rc1+ 21. Bf1 Rxb1 22. Rxf8+ Kg7 23. Rb8 Be4 24. Ra8 Bxa8 0-1

[Event "Early-Titled-Tuesday-Blitz-October-03-2023"]
[Site "Chess.com"]
[Date "2023.10.03"]
[Round "6"]
[White "Better_Chess_Faster"]
[Black "campochess"]
[Result "0-1"]
[WhiteElo "1995"]
[BlackElo "2165"]
[TimeControl "180+1"]
[EndTime "9:04:27 PDT"]
[Termination "campochess won by resignation"]

1. e4 c5 2. Nf3 Nc6 3. d4 cxd4 4. Nxd4 Qb6 5. Nb3 Nf6 6. Be3 Qc7 7. Nc3 e6 8. Qd2 Bb4 9. f3 d5 10. a3 Bxc3 11. Qxc3 dxe4 12. O-O-O exf3 13. gxf3 Bd7 14. Rg1 O-O-O 15. Rxg7 Nd5 16. Qd2 Qe5 17. Bd4 Nxd4 18. Qxd4 Qxh2 19. Qxa7 Qh6+ 20. Kb1 Qxg7 21. Qa8+ Kc7 22.
Qa5+ Kb8 23. Nc5 Bc6 24. Ba6 Nc3+ 25. bxc3 Rxd1+ 26. Kb2 Qg1 0-1

[Event "Early-Titled-Tuesday-Blitz-October-03-2023"]
[Site "Chess.com"]
[Date "2023.10.03"]
[Round "6"]
[White "lolo9292"]
[Black "oogee"]
[Result "0-1"]
[WhiteElo "2159"]
[BlackElo "2293"]
[TimeControl "180+1"]
[EndTime "9:04:28 PDT"]
[Termination "oogee won by resignation"]

1. d4 Nf6 2. Nc3 d5 3. Bf4 e6 4. e3 Bd6 5. Bg3 a6 6. Nf3 b5 7. Ne5 Bb7 8. Bd3 c5 9. O-O Nc6 10. f4 cxd4 11. Nxc6 Bxc6 12. exd4 Qb6 13. Ne2 b4 14. f5 e5 15. c3 Rd8 16. Kh1 exd4 17. cxd4 O-O 18. Be5 Ne4 19. Bxe4 dxe4 20. Qe1 f6 21.
Bxd6 Rxd6 22. Rd1 Bb5 23. Rf2 a5 24. d5 Rfd8 25. Nf4 e3 26. Rf3 e2 27. Rd2 Rc8 28. Ne6 Rd7 29. Rg3 Qd6 30. h4 Qxg3 31.
Qxg3 Rc1+ 32. Kh2 e1=Q 33. Qxe1 Rxe1 34. d6 Re5 35. g4 Re2+ 36. Rxe2 Bxe2 0-1

[Event "Early-Titled-Tuesday-Blitz-October-03-2023"]
[Site "Chess.com"]
[Date "2023.10.03"]
[Round "6"]
[White "JoseRemolar"]
[Black "TregubovP"]
[Result "1-0"]
[WhiteElo "2464"]
[BlackElo "2604"]
[TimeControl "180+1"]
[EndTime "9:04:29 PDT"]
[Termination "JoseRemolar won by resignation"]

1. e4 c5 2. Nf3 e6 3. d4 cxd4 4. Nxd4 Nf6 5. Bd3 Nc6 6. Nxc6 bxc6 7. O-O d5 8. Nd2 Be7 9. b3 O-O 10. Bb2 a5 11. Qe2 a4 12. Rab1 Qb6 13. Kh1 Ba6 14. c4 Rfd8 15. f4 axb3 16. axb3 dxe4 17. Nxe4 Ne8 18. Bc2 c5 19. Ng5 g6 20. Nxh7 Qb4 21.
Qe5 1-0

[Event "Early-Titled-Tuesday-Blitz-October-03-2023"]
[Site "Chess.com"]
[Date "2023.10.03"]
[Round "6"]
[White "B_nn_t"]
[Black "Maxfan2008"]
[Result "0-1"]
[WhiteElo "2394"]
[BlackElo "2573"]
[TimeControl "180+1"]
[EndTime "9:04:29 PDT"]
[Termination "Maxfan2008 won by resignation"]

1. h3 d5 2. d4 Nf6 3. c4 c6 4. Nc3 Bf5 5. Nf3 e6 6. e3 h6 7. Bd3 Bxd3 8. Qxd3 Nbd7 9. c5 b6 10. b4 a5 11. bxa5 Rxa5 12. cxb6 Nxb6 13. O-O Bd6 14.
a4 O-O 15. Bd2 Nc4 16. Nb5 Nxd2 17. Nxd6 Nxf3+ 18. gxf3 Qxd6 19. Rfb1 Rfa8 20. Qc2 c5 21. Rb7 c4 22. f4 Qc6 23. Rab1 g6 24. Rb8+ Rxb8 25.
Rxb8+ Kg7 26. Rb4 Ne4 27. f3 Nd6 28. Kg2 Nf5 29. Kf2 Qd6 30. Qb2 Qe7 31. Rb8 Qh4+ 32. Ke2 Rxa4 33. e4 Ng3+ 34. Ke3 Qxh3 35. Qb5 Ra3+ 0-1

[Event "Early-Titled-Tuesday-Blitz-October-03-2023"]
[Site "Chess.com"]
[Date "2023.10.03"]
[Round "6"]
[White "Ducke13"]
[Black "esrosenberg"]
[Result "1-0"]
[WhiteElo "2502"]
[BlackElo "2363"]
[TimeControl "180+1"]
[EndTime "9:04:29 PDT"]
[Termination "Ducke13 won by resignation"]

1. d4 d5 2. g3 Bf5 3. Nf3 e6 4. c4 Nf6 5. Nc3 c6 6. Nh4 Bg6 7. Qb3 Qb6 8. c5 Qxb3 9. axb3 Be7 10. Nxg6 hxg6 11. b4 O-O 12. e3 Nbd7 13. b5 Rfc8 14.
b4 e5 15. bxc6 bxc6 16. Ba6 Rcb8 17. b5 exd4 18. exd4 cxb5 19. Nxb5 Bxc5 20. dxc5 Nxc5 21. Nc7 1-0

[Event "Early-Titled-Tuesday-Blitz-October-03-2023"]
[Site "Chess.com"]
[Date "2023.10.03"]
[Round "6"]
[White "ezkybel"]
[Black "Fradi82"]
[Result "1/2-1/2"]
[WhiteElo "2462"]
[BlackElo "2339"]
[TimeControl "180+1"]
[EndTime "9:04:29 PDT"]
[Termination "Game drawn by agreement"]

1. e4 c5 2. Nf3 Nc6 3. Bb5 e6 4.
Bxc6 bxc6 5. O-O Ne7 6. Re1 d6 7.
b3 Ng6 8. Bb2 e5 9. c4 Be7 10. Nc3 Be6 11. Ne2 O-O 12. d3 Qd7 13.
Ng3 Nh4 14. Nxh4 Bxh4 15. Qf3 Bxg3 16. Qxg3 f5 17. exf5 Rxf5 18. Re2 Raf8 19. Rae1 R5f6 20. f3 Rg6 21. Qf2 Bh3 22. Qe3 Qf7 23. Kh1 Be6 24. Bc3 Qf5 25. b4 cxb4 26. Bxb4 c5 27. Ba5 1/2-1/2

[Event "Early-Titled-Tuesday-Blitz-October-03-2023"]
[Site "Chess.com"]
[Date "2023.10.03"]
[Round "6"]
[White "azikom"]
[Black "NowInChess"]
[Result "1-0"]
[WhiteElo "2569"]
[BlackElo "2244"]
[TimeControl "180+1"]
[EndTime "9:04:35 PDT"]
[Termination "azikom won on time"]

1. c4 e5 2. Nc3 Nc6 3. e3 Nf6 4.
a3 d5 5. cxd5 Nxd5 6. Qc2 Be6 7.
Nf3 Be7 8. b4 a6 9. Bb2 Bf6 10.
Ne4 O-O 11. d3 Re8 12. Be2 Bf5 13. O-O Bg6 14. Rac1 Bxe4 15. dxe4 Nb6 16. Rfd1 Qe7 17. g3 h5 18. h4 g6 19. b5 axb5 20. Bxb5 Red8 21.
Rxd8+ Nxd8 22. Qxc7 Qxc7 23. Rxc7 Na4 24. Bxa4 Rxa4 25.
Rd7 Rxe4 26. Bxe5 Rxe5 27. Nxe5 1-0

[Event "Early-Titled-Tuesday-Blitz-October-03-2023"]
[Site "Chess.com"]
[Date "2023.10.03"]
[Round "6"]
[White "zozik"]
[Black "Mikhail_Golubev"]
[Result "0-1"]
[WhiteElo "2341"]
[BlackElo "2605"]
[TimeControl "180+1"]
[EndTime "9:04:37 PDT"]
[Termination "Mikhail_Golubev won by resignation"]

1. d4 Nf6 2. Nf3 d6 3. g3 g6 4. Bg2 Bg7 5. O-O O-O 6. c4 Nbd7 7. Nc3 e5 8. b3 Re8 9. Bb2 e4 10. Nd2 e3 11. fxe3 Ng4 12. Nd5 c6 13. Bf3 Nxe3 14. Nxe3 Rxe3 15. Ne4 d5 16. cxd5 cxd5 17. Nd6 Nf6 18.
Nxc8 Rxc8 19. Rc1 Re8 20. Rxc8 Qxc8 21. Qc1 Qe6 22. Qf4 h5 23. Rc1 Ng4 24. Bxg4 hxg4 25. Rc7 f6 26. Rxb7 Qxe2 27. Rxg7+ Kxg7 0-1

[Event "Early-Titled-Tuesday-Blitz-October-03-2023"]
[Site "Chess.com"]
[Date "2023.10.03"]
[Round "6"]
[White "aistrel"]
[Black "JoakimVonAnd"]
[Result "0-1"]
[WhiteElo "2565"]
[BlackElo "2744"]
[TimeControl "180+1"]
[EndTime "9:04:38 PDT"]
[Termination "JoakimVonAnd won by resignation"]

1. d4 Nf6 2. Nc3 d5 3. Bf4 g6 4. Qd2 Bg7 5. O-O-O O-O 6. Bh6 c5 7. dxc5 Nc6 8. f3 e5 9. Nxd5 Nxd5 10. Bxg7 Kxg7 11.
Qxd5 Qa5 12. c3 Be6 13. Qe4 Qxa2 14. Qb1 Qa4 15. e4 Rad8 16. Bd3 Bb3 17. Bc2 Rxd1+ 18.
Kxd1 Rd8+ 19. Kc1 Bxc2 20. Qxc2 Qa1+ 21. Qb1 Rd1+ 22. Kxd1 Qxb1+ 23. Ke2 Qxb2+ 0-1

[Event "Early-Titled-Tuesday-Blitz-October-03-2023"]
[Site "Chess.com"]
[Date "2023.10.03"]
[Round "6"]
[White "Rodalquilar"]
[Black "ama18"]
[Result "1-0"]
[WhiteElo "2722"]
[BlackElo "2539"]
[TimeControl "180+1"]
[EndTime "9:04:42 PDT"]
[Termination "Rodalquilar won by resignation"]

1. d4 Nf6 2. Nf3 e6 3. Bf4 b6 4. e3 Bb7 5. Nbd2 g6 6. h3 Bg7 7. Bh2 O-O 8. Be2 d6 9. O-O Nbd7 10. a4 a5 11. c3 Qe7 12. Bd3 e5 13. e4 exd4 14.
cxd4 Nxe4 15. Nxe4 Bxe4 16. Re1 f5 17. Nd2 Bxd4 18. Nxe4 fxe4 19. Bc4+ Kh8 20. Qxd4+ Nf6 21. Bd5 Rae8 22. Bc6 Rd8 23. Rxe4 Qg7 24. Re6 d5 25. Rae1 Rf7 26. Be5 Rdf8 27. f4 h6 28. g4 Kg8 29. g5 hxg5 30. fxg5 Qh7 31. Rxf6 Rxf6 32. Bxf6 Qxh3 33. Bxd5+ Kh7 34. Re7+ 1-0

[Event "Early-Titled-Tuesday-Blitz-October-03-2023"]
[Site "Chess.com"]
[Date "2023.10.03"]
[Round "6"]
[White "DanyKopy"]
[Black "kleinebeer98"]
[Result "0-1"]
[WhiteElo "2569"]
[BlackElo "2826"]
[TimeControl "180+1"]
[EndTime "9:04:43 PDT"]
[Termination "kleinebeer98 won by resignation"]

1. d4 Nf6 2. Nf3 b5 3. e4 Nxe4 4. Bxb5 e6 5. O-O Bb7 6. Re1 Be7 7. Bf4 O-O 8. Bd3 f5 9. c4 Nc6 10. Nc3 d5 11. Ne5 Nxe5 12. Bxe5 Bf6 13. cxd5 Bxe5 14.
Bxe4 Bxh2+ 15. Kxh2 fxe4 16. Nxe4 Qh4+ 17. Kg1 Bxd5 18.
Ng3 Rxf2 19. Kxf2 Rf8+ 20. Kg1 Qxg3 21. Qd2 Rf6 22. Re3 Qg4 23. Rf1 Rg6 24. Rf2 h5 25. Qe2 Qxd4 26. Rd3 Rxg2+ 0-1

[Event "Early-Titled-Tuesday-Blitz-October-03-2023"]
[Site "Chess.com"]
[Date "2023.10.03"]
[Round "6"]
[White "AlmasRakhmatullaev"]
[Black "FairChess_on_YouTube"]
[Result "1-0"]
[WhiteElo "2812"]
[BlackElo "3054"]
[TimeControl "180+1"]
[EndTime "9:04:44 PDT"]
[Termination "AlmasRakhmatullaev won by resignation"]

1. e4 e5 2. Nf3 Nc6 3. Bc4 Bc5 4. c3 Nf6 5. d4 exd4 6. cxd4 Bb4+ 7. Nbd2 Nxe4 8. d5 Nxd2 9. Bxd2 Bxd2+ 10. Qxd2 Ne7 11. h4 d6 12. h5 h6 13. O-O-O O-O 14. Rdg1 c6 15.
g4 cxd5 16. Bb3 f6 17. Kb1 Be6 18. Nd4 Qd7 19. Qe2 Bf7 20. f4 Rae8 21. Qd3 Nc6 22.
Bc2 Re4 23. Nxc6 Qxc6 24. g5 fxg5 25. fxg5 hxg5 26. Rxg5 Rfe8 27. Qg3 Re3 28. Rxg7+ Kf8 29. Rxf7+ Kxf7 30. Rf1+ Ke7 31. Qxe3+ Kd8 32. Qg5+ Kc7 33.
h6 Qc4 34. Rc1 Kb6 35. h7 Qd4 36. Qg1 1-0

[Event "Early-Titled-Tuesday-Blitz-October-03-2023"]
[Site "Chess.com"]
[Date "2023.10.03"]
[Round "6"]
[White "koncheto"]
[Black "Daffidollchess2"]
[Result "0-1"]
[WhiteElo "2534"]
[BlackElo "2708"]
[TimeControl "180+1"]
[EndTime "9:04:49 PDT"]
[Termination "Daffidollchess2 won by resignation"]

1. e4 c5 2. Nf3 Nc6 3. d4 cxd4 4. Nxd4 e6 5. Nc3 Nf6 6. a3 a6 7. Be2 Qc7 8. O-O Be7 9. Be3 O-O 10. f4 d6 11. Nxc6 bxc6 12. Qe1 Rb8 13. b3 d5 14.
Bf3 Rd8 15. Rd1 Bxa3 16. e5 Ne8 17. Qg3 c5 18. f5 d4 19. Nb1 dxe3 20. Nxa3 Rxd1 21.
Rxd1 exf5 22. Nc4 Be6 23. Nd6 Nxd6 24. exd6 Qb6 25. d7 Rd8 26. Rd6 Qa5 27. Qh4 Rxd7 0-1

[Event "Early-Titled-Tuesday-Blitz-October-03-2023"]
[Site "Chess.com"]
[Date "2023.10.03"]
[Round "6"]
[White "inegrepus"]
[Black "maracayo"]
[Result "0-1"]
[WhiteElo "2181"]
[BlackElo "2393"]
[TimeControl "180+1"]
[EndTime "9:04:53 PDT"]
[Termination "maracayo won by checkmate"]

1. d4 Nf6 2. c4 d6 3. Nc3 e5 4. Nf3 Nbd7 5. g3 Be7 6. Bg2 O-O 7. O-O Re8 8. b3 c6 9. Bb2 e4 10. Ng5 d5 11. e3 h6 12. Nh3 g5 13. f3 exf3 14. Bxf3 dxc4 15. bxc4 Nb6 16. Bg2 Nxc4 17. Qe2 Nxb2 18. Qxb2 Bf8 19. Rae1 Bg7 20. Nf2 Qb6 21.
Qc2 Be6 22. Nd3 Bc4 23. Rf2 Bxd3 24. Qxd3 Rad8 25. Ref1 c5 26. d5 c4 27. Qxc4 Qxe3 28. Kh1 Rc8 29. Qa4 Qxc3 30. d6 Re1 31. d7 Rd8 32. Bxb7 Rxf1+ 33. Rxf1 Rxd7 34. Rxf6 Qxf6 35. Qxd7 Qf1# 0-1

[Event "Early-Titled-Tuesday-Blitz-October-03-2023"]
[Site "Chess.com"]
[Date "2023.10.03"]
[Round "6"]
[White "Oleksandr_Bortnyk"]
[Black "Brave_spirit12"]
[Result "1-0"]
[WhiteElo "3007"]
[BlackElo "2759"]
[TimeControl "180+1"]
[EndTime "9:04:54 PDT"]
[Termination "Oleksandr_Bortnyk won by resignation"]

1. e4 e6 2. d4 d5 3. Nc3 Nf6 4. Bg5 dxe4 5. Nxe4 Be7 6. Bxf6 gxf6 7. Nf3 f5 8. Nc3 c5 9. d5 Bf6 10. dxe6 fxe6 11.
Bb5+ Kf7 12. Qe2 a6 13. Rd1 Qc7 14. Bc4 b5 15. Nd5 Qa5+ 16. c3 exd5 17. Bxd5+ Kg7 18. Bxa8 Qxa2 19. Bd5 Qa5 20. O-O Qc7 21. Rfe1 Rd8 22. Qe3 f4 23. Qe4 Bg4 24. Be6 Rxd1 25. Rxd1 Qe7 26.
Re1 Bh5 27. Qxf4 Nc6 28. Re3 Qd8 29. g4 Bg6 30. g5 Be7 31. h4 Bd6 32. Qg4 Bc7 33.
h5 Qd1+ 34. Re1 Qd3 35. hxg6 hxg6 1-0

[Event "Early-Titled-Tuesday-Blitz-October-03-2023"]
[Site "Chess.com"]
[Date "2023.10.03"]
[Round "6"]
[White "Hasangatin_Ramil"]
[Black "GMBenjaminBok"]
[Result "0-1"]
[WhiteElo "2736"]
[BlackElo "2990"]
[TimeControl "180+1"]
[EndTime "9:04:54 PDT"]
[Termination "GMBenjaminBok won by resignation"]

1. e4 c5 2. Nf3 d6 3. d4 cxd4 4. Qxd4 Nf6 5. e5 Nc6 6. Bb5 Qa5+ 7. Nc3 Qxb5 8. Nxb5 Nxd4 9. Nfxd4 dxe5 10. Nc7+ Kd7 11. Nxa8 exd4 12. Bf4 e5 13. Bxe5 Bb4+ 14. c3 Re8 15. cxb4 Rxe5+ 16. Kf1 b6 17. Rd1 Ba6+ 18. Kg1 d3 19. a4 Nd5 20. b5 Bb7 21. Nxb6+ axb6 22. h3 Nf4 23. f3 Re2 24. g3 d2 25. gxf4 Bxf3 26. Kf1 Re1+ 27. Kf2 Bxd1 28. Rxe1 dxe1=Q+ 29. Kxe1 Bxa4 0-1

[Event "Early-Titled-Tuesday-Blitz-October-03-2023"]
[Site "Chess.com"]
[Date "2023.10.03"]
[Round "6"]
[White "Rutricks"]
[Black "Sergey85Rodchenkov"]
[Result "1-0"]
[WhiteElo "2677"]
[BlackElo "2521"]
[TimeControl "180+1"]
[EndTime "9:04:55 PDT"]
[Termination "Rutricks won by resignation"]

1. Nf3 d5 2. b3 Nf6 3. Bb2 c6 4. g3 Bg4 5. Bg2 Nbd7 6. h3 Bh5 7. O-O e6 8. d3 Bd6 9. Nbd2 O-O 10. e4 Qb8 11. Qe1 Bc7 12. e5 Ne8 13. g4 Bg6 14. h4 h5 15. gxh5 Bxh5 16. Qe3 c5 17. Qg5 Bxf3 18.
Nxf3 d4 19. Rae1 Nxe5 20. Nxe5 f6 21. Qg4 Bxe5 22. Qxe6+ Kh8 23. Bc1 Bh2+ 24. Kh1 Bf4 25. Qe7 Bd6 26. Qe4 Nc7 27. Qg6 Re8 28. Bh6 Bf8 29.
Be4 Rxe4 30. Rxe4 gxh6 31. Rg1 1-0

[Event "Early-Titled-Tuesday-Blitz-October-03-2023"]
[Site "Chess.com"]
[Date "2023.10.03"]
[Round "6"]
[White "Murad_Ibrahimli"]
[Black "Zablotsky"]
[Result "1-0"]
[WhiteElo "2916"]
[BlackElo "2729"]
[TimeControl "180+1"]
[EndTime "9:04:57 PDT"]
[Termination "Murad_Ibrahimli won by resignation"]

1. e4 d6 2. d4 Nf6 3. Bd3 e5 4. c3 Nc6 5. Nf3 Bg4 6. Be3 d5 7. Nbd2 exd4 8. cxd4 dxe4 9. Nxe4 Bb4+ 10. Kf1 O-O 11. a3 Be7 12. Bc2 Re8 13. h3 Bxf3 14.
gxf3 Nd5 15. Bb3 Bf8 16. Rg1 Kh8 17. Qd3 h6 18. Bxh6 gxh6 19. Bxd5 Bg7 20. Bxc6 bxc6 21. Rd1 Qh4 22. Rg3 Rad8 23. Qc4 f5 24. Qf7 Re7 25. Qxf5 Bxd4 26. Rxd4 1-0

[Event "Early-Titled-Tuesday-Blitz-October-03-2023"]
[Site "Chess.com"]
[Date "2023.10.03"]
[Round "6"]
[White "RETURNOFTHELAGGER"]
[Black "colegiodemadrid"]
[Result "1-0"]
[WhiteElo "2662"]
[BlackElo "2407"]
[TimeControl "180+1"]
[EndTime "9:04:59 PDT"]
[Termination "RETURNOFTHELAGGER won by checkmate"]

1. e4 e5 2. Nc3 Nf6 3. f4 d5 4. fxe5 Nxe4 5. Qf3 Nxc3 6. dxc3 Be6 7. Bf4 g5 8. Bg3 g4 9. Qf2 Be7 10. O-O-O h5 11.
Kb1 h4 12. Bf4 Nd7 13. Ne2 Nc5 14. Nd4 Ne4 15. Qe1 c5 16. Nxe6 fxe6 17. Bb5+ Kf8 18. Rf1 Kg8 19. Qe2 Qb6 20. Qxg4+ Kh7 21. Bd3 c4 22.
Bxe4+ dxe4 23. Qh5+ Kg7 24. Qg4+ Kh7 25. Rd7 Rae8 26.
Rxe7+ Rxe7 27. Qxh4+ Kg8 28. Qxe7 Rh5 29. Bh6 Rxh6 30.
Rf8# 1-0